AoeStats
← El Fantasma de Pancho Villa

Arena

508059964Analyzed
4v4 RM · 11d ago on Sep 20, 2026· 41m 8s· 8 players
Game mode
Random Map
Map size
Large (8 player)
Population
200
Speed
Normal
Resources
Standard
Victory
Conquest
Starting age
Dark Age
Ending age
Imperial Age
RankedLock teamsTeams togetherTeam positionsShared explorationLock speedFull tech treeHidden civsTurbo modeCheats
Victory
Defeat
🇸🇪 Lithuanians · Sweden
1166
+13
1165
+13
🇨🇳 Persians · China
1149
+14
🇱🇹 Romans · Lithuania
1041
+18
🇺🇸 Cumans · United States
1132
-16
🇺🇸 Gurjaras · United States
1101
-15
🇲🇽 Vietnamese · Mexico
1088
-14
🇦🇷 Britons · Argentina
1069
-13
JonBlack
10:16 Feudal Age
14:21 Castle Age
14:10 Fletching
14:37 Crossbowman
16:16 Double-Bit Axe
25:09 Wheelbarrow
25:36 Bow Saw
25:38 Bodkin Arrow
25:43 Padded Archer Armor
30:32 Hand Cart
34:50 Imperial Age
37:54 Imperial Age
1. d4
9:36 Feudal Age
12:02 Loom
15:08 Castle Age
13:44 Double-Bit Axe
14:10 Horse Collar
18:27 Wheelbarrow
20:35 Bloodlines
20:28 Husbandry
22:41 Hand Cart
25:05 Forging
25:05 Scale Barding Armor
27:56 Iron Casting
27:44 Chain Barding Armor
28:57 Bow Saw
28:49 Heavy Plow
30:01 Gold Mining
30:01 Stone Mining
33:47 Imperial Age
30:57 Light Cavalry
31:31 Fletching
32:01 Town Watch
32:15 Bodkin Arrow
33:55 Heavy Camel Rider
35:16 Plate Barding Armor
34:42 Bracer
El Fantasma de Pancho Villa
14:12 Feudal Age
16:17 Scale Mail Armor
16:48 Man-at-Arms
22:07 Forging
23:50 Scale Barding Armor
32:06 Fletching
36:26 Wheelbarrow
39:19 Castle Age
39:39 Long Swordsman
39:40 Pikeman
40:21 Squires
41:10 Chain Mail Armor
41:46 Iron Casting
40:38 Capped Ram
Amadeo
5:33 Loom
8:08 Loom
10:24 Feudal Age
11:21 Horse Collar
11:28 Double-Bit Axe
16:07 Town Watch
18:39 Castle Age
18:04 Wheelbarrow
17:58 Stone Mining
18:09 Gold Mining
18:44 Scale Barding Armor
20:53 Stone Shaft Mining
20:52 Chain Barding Armor
20:57 Bow Saw
21:39 Heavy Plow
22:52 Hand Cart
27:01 Imperial Age
27:35 Chatras
28:19 Light Cavalry
29:10 Bloodlines
29:01 Husbandry
30:21 Paper Money
31:59 Crop Rotation
33:02 Elite Battle Elephant
37:15 Plate Barding Armor
Sophia
0:28 Loom
11:17 Feudal Age
11:48 Double-Bit Axe
11:51 Town Watch
11:49 Horse Collar
20:45 Castle Age
19:32 Bloodlines
18:51 Man-at-Arms
20:10 Forging
22:31 Gold Mining
22:32 Stone Mining
27:09 Castle Age
26:34 Scale Mail Armor
28:07 Heavy Plow
28:55 Wheelbarrow
28:59 Bow Saw
31:35 Long Swordsman
32:17 Squires
34:35 Iron Casting
34:43 Hand Cart
37:17 Pikeman
38:43 Town Patrol
42:01 Imperial Age
40:28 Fletching
41:06 Ballistas
Tyremeus
9:45 Feudal Age
14:01 Castle Age
12:49 Double-Bit Axe
16:24 Horse Collar
18:16 Loom
26:39 Wheelbarrow
26:43 Bloodlines
26:51 Gold Mining
27:50 Scale Barding Armor
29:02 Bow Saw
28:54 Heavy Plow
32:04 Imperial Age
29:59 Stone Mining
35:04 Hand Cart
34:36 Cavalier
36:39 Husbandry
37:08 Chain Barding Armor
36:58 Forging
36:16 Elite Skirmisher
36:48 Fletching
37:00 Padded Archer Armor
38:43 Crop Rotation
38:39 Herbal Medicine
40:16 Chemistry
39:37 Ballistics
39:27 Fortified Wall
39:31 Bodkin Arrow
41:11 Plate Barding Armor
41:01 Conscription
41:26 Tower Shields
jinzhi
11:33 Feudal Age
15:08 Castle Age
14:59 Wheelbarrow
15:42 Double-Bit Axe
15:48 Horse Collar
16:39 Bow Saw
22:08 Hand Cart
22:05 Gold Mining
23:42 Stone Mining
28:41 Imperial Age
27:22 Gold Shaft Mining
26:58 Town Watch
26:58 Loom
27:20 Scale Barding Armor
27:25 Forging
28:00 Stone Shaft Mining
27:29 Heavy Plow
28:07 Devotion
28:41 Chain Barding Armor
29:28 Conscription
29:46 Iron Casting
29:38 Husbandry
29:48 Bloodlines
30:21 Crop Rotation
30:09 Guilds
31:20 Two-Man Saw
29:58 Elite War Elephant
32:01 Plate Barding Armor
33:42 Blast Furnace
Ricardo Corazon de León
6:47 Loom
12:09 Feudal Age
13:40 Double-Bit Axe
17:05 Castle Age
15:51 Horse Collar
16:05 Gold Mining
18:01 Heavy Plow
18:50 Bow Saw
20:50 Padded Archer Armor
23:51 Wheelbarrow
26:59 Husbandry
27:57 Bloodlines
31:15 Stone Mining
32:04 Hand Cart
31:34 Town Watch
32:37 Leather Archer Armor
38:35 Imperial Age
36:21 Pikeman
37:01 Squires
36:47 Gambesons
39:49 Conscription
40:42 Two-Man Saw
40:32 Elite Conquistador
42:11 Ring Archer Armor
Connection lost

Rejoining the realm…

Still unreachable

The connection could not be restored.

Session expired

The server has moved on; the page needs a fresh start.